 Dungeon Crawl Stone Soup version 0.29-a0-775-g4d7333d4e2 (webtiles) character file.

Game seed: 18028828183743603512

58 miscthings the Chopper (level 4, -1/38 HPs)
             Began as a Meteoran Fighter on July 1, 2022.
             Slain by an iron imp (5 damage)
             ... summoned by Natasha
             ... on level 3 of the Dungeon.
             The game lasted 00:01:18 (555 turns).

miscthings the Chopper (Meteoran Fighter)            Turns: 555, Time: 00:01:19

Health: -1/38      AC:  6    Str: 19    XL:     4   Next: 44%
Magic:  5/5        EV:  9    Int:  9    God:
Gold:   25         SH:  5    Dex: 14    Spells: 3/3 levels left

rFire   . . .      SeeInvis .   a - +0 war axe
rCold   . . .      Faith    .   c - +0 buckler
rNeg    . . .      Spirit   .   b - +0 scale mail
rPois   .          Reflect  .   (no helmet)
rElec   .          Harm     .   (no cloak)
rCorr   .          Rampage  .   (no gloves)
Will    .....                   (no boots)
Stlth   ..........              (no amulet)
HPRegen 0.12/turn               (no ring)
MPRegen 0.09/turn               (no ring)

@: glowing
A: sense surroundings 1, otherworldly, glowing, explore regen
a: no special abilities


You were on level 3 of the Dungeon.
You visited 1 branch of the dungeon, and saw 3 of its levels.

You collected 25 gold pieces.

Inventory:

Hand Weapons
 a - a +0 war axe (weapon)
Armour
 b - a +0 scale mail (worn)
 c - a +0 buckler (worn)
Scrolls
 f - a scroll of acquirement {unknown}
 g - 3 scrolls of magic mapping {unknown}
 j - a scroll of identify {unknown}
Potions
 d - a potion of might
 e - 2 potions of curing {unknown}
 h - a potion of haste {unknown}
 i - a potion of heal wounds {unknown}


   Skills:
 - Level 3.2 Fighting
 + Level 5.1 Axes
 - Level 3.6 Armour
 - Level 3.6 Shields


You had 3 spell levels left.
You didn't know any spells.
Your spell library contained the following spells:

 Spells                   Type           Power      Damage    Failure   Level
 Ensorcelled Hibernation  Hex/Ice        0%         N/A       93%         2
 Passwall                 Tmut/Erth      0%         N/A       93%         2
 Spider Form              Tmut/Pois      0%         N/A       99%         3
 Swiftness                Air            0%         N/A       99%         3
 Anguish                  Hex/Necr       0%         N/A       100%        4


Dungeon Overview and Level Annotations

Branches:
Dungeon (3/15) Zot: 1211

Altars:

Annotations:
D:3 Natasha


Innate Abilities, Weirdness & Mutations

You passively map a small area around you.
You are easily found by Zot.
You glow in the dark.
You regain HP and MP as you explore.


Message History

Natasha is nearby!
Natasha hisses angrily.
Natasha casts a spell at you. You resist with some effort.
You hit Natasha.
Natasha is lightly wounded.
Natasha casts a spell at you.
The magic dart hits you but does no damage.
You barely miss Natasha.
Natasha is lightly wounded.
Natasha casts a spell at you. The magic dart hits you!
Natasha claws you but does no damage.
You hit Natasha but do no damage.
Natasha is lightly wounded.
Natasha mumbles some strange words.
You miss Natasha.
Natasha is lightly wounded.
Natasha stares at you and mumbles some strange words.
The magic dart hits you!
You hit Natasha but do no damage.
Natasha is lightly wounded.
Natasha claws you.
You closely miss Natasha.
Natasha is lightly wounded.
Natasha claws you. Natasha barely misses you.
You hit Natasha.
Natasha is heavily wounded.
Natasha barely misses you.
You hit Natasha.
Natasha is severely wounded.
You hit the iron imp but do no damage. The iron imp hits you.
* * * LOW HITPOINT WARNING * * *
Natasha casts a spell at you. The magic dart hits you.
* * * LOW HITPOINT WARNING * * *
You hit Natasha.
Natasha is severely wounded.
You hit the iron imp but do no damage. You block Natasha's attack.
The iron imp hits you.
You die...

, #.... * #....,, , ,
##.... , , #..... , ,
#..... ,,, * * #.....
*#####* ,
#....h###...### *
#....5@.......# ,,
...##........#.# * ,,
*#..<..........# ## ,
,...##.....####.###..#
## *#.....# #<.....#..
##########........., ,
#......†...... * *
#............. ,
,,+.....######..


You could see an iron imp (summoned) and Natasha.

Vanquished Creatures
  Natasha (D:3)
  2 dart slugs (D:1)
  4 ball pythons (D:1)
  2 bats (D:1)
  3 endoplasms
  2 giant cockroaches
  A goblin (D:1)
  2 hobgoblins
  2 quokkas (D:1)
  2 frilled lizards (D:1)
  5 kobolds
  4 rats (D:1)
30 creatures vanquished.

Notes
Turn   | Place    | Note
-------+----------+-------------------------------------------
     0 | D:1      | miscthings the Meteoran Fighter began the quest for the
                  | Orb.
     0 | D:1      | Reached XP level 1. HP: 19/19 MP: 2/2
    60 | D:1      | Reached skill level 3 in Axes
    60 | D:1      | Reached XP level 2. HP: 22/26 MP: 3/3
   328 | D:1      | Reached XP level 3. HP: 31/31 MP: 4/4
   386 | D:1      | Reached skill level 4 in Axes
   473 | D:1      | Glimpsed the power of Zot.
   526 | D:3      | Noticed Natasha
   530 | D:3      | Killed Natasha
   531 | D:3      | Reached skill level 5 in Axes
   531 | D:3      | Reached XP level 4. HP: 36/38 MP: 5/5
   542 | D:3      | Noticed Natasha
   555 | D:3      | Slain by an iron imp

Illustrated notes

Levels and vault maps discovered:
D:1:      onia_arrival_handbag, layout_loops_corners, minmay_shallow_snake_nest
D:2:      layout_rooms, ebering_ecumenical_altar_hall
D:3:      layout_basic, amcnicky_altar_gilded, uniq_natasha

Skill      XL: |  1  2  3 |
---------------+----------+-----
Axes           | 3 5 |  5.1
Fighting       | |  3.2
Armour         | |  3.6
Shields        | |  3.6

Action                   |  1- 3 |  4- 6 || total
-------------------------+-------+-------++-------
Melee: War axe           |    84 |     9 ||    93
Armor: Scale mail        |    44 |     2 ||    46
Dodge: Dodged            |    26 |     2 ||    28
Block: Buckler           |    27 |     1 ||    28

Table legend: (Time is in decaauts)
 A = Elapsed time spent in this place.
 B = Non-inter-level travel time spent in this place.
 C = Inter-level travel time spent in this place.
 D = Time resting spent in this place.
 E = Time spent auto-exploring this place.
 F = Levels seen in this place.
 G = Mean time per level.
                   A        B        C        D        E       F      G
               +--------+--------+--------+--------+--------+-----+--------+
         Total |    587 |    581 |      6 |      0 |    294 |   3 |  195.7 |
       Dungeon |    587 |    581 |      6 |      0 |    294 |   3 |  195.7 |
               +--------+--------+--------+--------+--------+-----+--------+

Top non-repeatable levels by time:
     D:1: 526 daAuts
     D:3: 31 daAuts
     D:2: 29 daAuts
